 Dungeon Crawl Stone Soup version 0.24-a0-530-g18ba70b503 (webtiles) character file.

Game seed: 11365078083204317660

39 Peloso the Skirmisher (level 3, -10/33 HPs)
             Began as a Minotaur Fighter on Aug 8, 2019.
             Mangled by Sigmund
             ... wielding a cursed -1 scythe
              (11 damage)
             ... on level 2 of the Dungeon.
             The game lasted 00:01:33 (505 turns).

Peloso the Skirmisher (Minotaur Fighter)             Turns: 505, Time: 00:01:34

Health: -10/33     AC:  7    Str: 20    XL:     3   Next: 28%
Magic:  2/2        EV:  7    Int:  5    God:
Gold:   57         SH:  0    Dex: 10    Spells: 2/2 levels left

rFire    . . .     SeeInvis .   a - +0 long sword
rCold    . . .     Gourm    .   c - +0 shield
rNeg     . . .     Faith    .   b - +0 scale mail
rPois    .         Spirit   .   (helmet restricted)
rElec    .         Reflect  .   (no cloak)
rCorr    .         Harm     .   (no gloves)
MR       .....                  (no boots)
Stlth    ..........             (no amulet)
HPRegen  0.11/turn              (no ring)
MPRegen  0.08/turn              (no ring)

@: confused
A: retaliatory headbutt, horns 2
a: no special abilities


You were on level 2 of the Dungeon.
You were not hungry.

You visited 1 branch of the dungeon, and saw 2 of its levels.

You collected 57 gold pieces.

Inventory:

Hand Weapons
 a - a +0 long sword (weapon)
Armour
 b - a +0 scale mail (worn)
 c - a +0 shield (worn)
Scrolls
 e - a scroll of immolation {unknown}
 g - 2 scrolls of identify {unknown}
 h - a scroll of enchant armour {unknown}
 i - a scroll of enchant weapon {unknown}
 j - a scroll of remove curse {unknown}
 k - a scroll of amnesia {unknown}
Potions
 d - a potion of might
Comestibles
 f - 3 rations


   Skills:
 + Level 4.1 Fighting
 + Level 3.2 Long Blades
 + Level 4.1 Armour
 + Level 4.0 Shields


You had 2 spell levels left.
You didn't know any spells.
Your spell library was empty.

Dungeon Overview and Level Annotations

Branches:
Dungeon (2/15)

Altars:
Gozag

Annotations:
D:2 Sigmund


Innate Abilities, Weirdness & Mutations

You reflexively headbutt those who attack you in melee.
You have a pair of horns on your head.


Message History

Sigmund hits you with a cursed -1 scythe!
* * * LOW HITPOINT WARNING * * *
You barely miss Sigmund. Your headbutt misses Sigmund.
Sigmund is lightly wounded.
Sigmund gestures at you while chanting.
You are confused.
You closely miss Sigmund.
Sigmund is lightly wounded.
Sigmund closely misses you.
You miss Sigmund.
Sigmund is lightly wounded.
Sigmund points at you and mumbles some strange words.
The puff of flame hits you.
* * * LOW HITPOINT WARNING * * *
You're too confused to move!
Sigmund casts a spell at you. You resist with significant effort.
You bump into the rock wall.
Sigmund hits you with a cursed -1 scythe!
You die...

#..###.#########
##.....###.
#..##.#.........
####...##
#....###........
###...<.#
##.##.#..#######
#...........
#....†..#######
##.###.....##
#####..........
....###...##
#.#.####### ...
##.##
#........###.#
#.#
###.####@@...#
.# #.# #####.#
## #.# ... #..
...# ### ####


You could see Sigmund.

Vanquished Creatures
  An adder (D:2)
  An ooze (D:1)
  2 dart slugs
  2 leopard geckos
  An orc (D:2)
  4 goblins (D:1)
  A hobgoblin (D:1)
  A quokka (D:2)
  A ball python (D:1)
  A bat (D:1)
  A frilled lizard (D:1)
  4 kobolds
  A rat (D:1)
21 creatures vanquished.

Notes
Turn   | Place    | Note
-------+----------+-------------------------------------------
     0 | D:1      | Peloso the Minotaur Fighter began the quest for the Orb.
     0 | D:1      | Reached XP level 1. HP: 19/19 MP: 0/0
   206 | D:1      | Reached XP level 2. HP: 27/27 MP: 1/1
   271 | D:1      | You fall into a shaft and drop 1 floor!
   288 | D:2      | Reached XP level 3. HP: 30/33 MP: 2/2
   353 | D:2      | Found an opulent altar of Gozag.
   485 | D:2      | Noticed Sigmund
   503 | D:2      | HP: 1/33 [Sigmund/puff of flame (6)]
   505 | D:2      | Mangled by Sigmund

Levels and vault maps discovered:
D:1:      dpeg_arrival_water_temple_mockup, layout_basic,
          nemelex_diamond_rough_becter
D:2:      layout_loops_ring, grunt_temple_overflow_open, uniq_sigmund

Skill      XL: |  1  2 |
---------------+-------+-----
Shields        | 4 |  4.0
Armour         | 4 |  4.1
Fighting       | 4 |  4.1
Long Blades    | 3 |  3.2

Action                   || total
-------------------------++-------
Melee: Long sword        ||    52
       Headbutt          ||     4
Armor: Scale mail        ||    24
Dodge: Dodged            ||    20
Block: Shield            ||    17
       Rpst.: Long sword ||     3

Table legend:
 A = Non-vault XP
 B = Vault XP
 C = Vault XP percentage of total XP
 D = Non-vault monster count
 E = Vault monster count
 F = Vault count percentage of total count
                 A         B        C        D         E       F
            +---------+---------+-------+---------+---------+-------
      Total |      57 |       0 |   0.0 |      21 |       0 |   0.0
            +---------+---------+-------+---------+---------+-------
        D:1 |      29 |       0 |   0.0 |      14 |       0 |   0.0
        D:2 |      28 |       0 |   0.0 |       7 |       0 |   0.0
            +---------+---------+-------+---------+---------+-------
